AoeStats
← La Gata bajo la lluvia

Arena

506260594Analyzed
4v4 RM · 18d ago on Sep 12, 2026· 48m 54s· 8 players
Game mode
Random Map
Map size
Large (8 player)
Population
200
Speed
Normal
Resources
Standard
Victory
Conquest
Starting age
Dark Age
Ending age
Imperial Age
RankedLock teamsTeams togetherTeam positionsShared explorationLock speedFull tech treeHidden civsTurbo modeCheats
Victory
Defeat
🇦🇷 Gurjaras · Argentina
1245
+9
🇦🇷 Vietnamese · Argentina
1176
+11
🇦🇷 Franks · Argentina
986
+48
839
+23
🇺🇸 Britons · United States
1094
-17
🇨🇴 Magyars · Colombia
1060
-16
🇨🇴 Georgians · Colombia
1032
-15
🇨🇴 Khmer · Colombia
1020
-14
francisco.jose.serpa
10:58 Feudal Age
15:42 Castle Age
13:59 Stone Mining
15:03 Double-Bit Axe
15:02 Horse Collar
15:55 Loom
17:44 Scale Barding Armor
22:12 Husbandry
27:10 Corvinian Army
31:13 Wheelbarrow
30:24 Town Watch
31:30 Heavy Plow
32:32 Bloodlines
37:32 Imperial Age
36:48 Chain Barding Armor
36:49 Murder Holes
36:51 Pikeman
37:14 Elite Skirmisher
38:38 Conscription
38:25 Fletching
38:36 Padded Archer Armor
39:16 Heavy Cavalry Archer
39:35 Elite Magyar Huszar
40:58 Leather Archer Armor
40:38 Bodkin Arrow
42:36 Ballistics
43:13 Parthian Tactics
43:48 Recurve Bow
43:56 Thumb Ring
46:04 Plate Barding Armor
46:46 Chemistry
mark_aoe_2024
10:03 Feudal Age
13:54 Castle Age
12:38 Horse Collar
12:46 Double-Bit Axe
16:52 Loom
23:37 Wheelbarrow
25:09 Bow Saw
25:03 Heavy Plow
26:38 Hand Cart
26:32 Gold Mining
29:05 Yeomen
31:24 Imperial Age
28:50 Fletching
29:26 Fortified Wall
29:51 Ballistics
29:29 Bodkin Arrow
29:58 Pikeman
30:53 Padded Archer Armor
31:50 Leather Archer Armor
31:03 Elite Skirmisher
31:52 Elite Longbowman
32:53 Conscription
33:10 Hoardings
37:46 Bracer
38:11 Squires
39:46 Halberdier
CamiloAA
1:49 Loom
3:26 Loom
14:01 Feudal Age
17:21 Castle Age
15:08 Double-Bit Axe
15:52 Gold Mining
22:25 Horse Collar
32:02 Bow Saw
32:29 Gold Shaft Mining
31:45 Stone Mining
34:57 Imperial Age
32:14 Town Watch
36:46 Chemistry
35:52 Siege Engineers
35:43 Murder Holes
36:13 Elite Battle Elephant
36:55 Husbandry
37:05 Bloodlines
36:51 Fletching
37:12 Forging
37:10 Scale Barding Armor
37:33 Heavy Scorpion
42:33 Ballistics
42:16 Double Crossbow
42:18 Tusk Swords
43:33 Chain Barding Armor
43:49 Iron Casting
43:11 Bodkin Arrow
45:22 Fortified Wall
45:23 Masonry
Weich94
9:50 Loom
13:38 Feudal Age
17:11 Castle Age
15:46 Double-Bit Axe
15:50 Horse Collar
23:35 Bow Saw
24:35 Forging
26:44 Redemption
27:41 Iron Casting
27:16 Heavy Plow
29:16 Gold Mining
30:36 Squires
33:14 Imperial Age
30:43 Stone Mining
31:17 Fortified Wall
32:34 Ballistics
32:17 Arson
32:18 Gambesons
31:53 Pikeman
32:34 Scale Mail Armor
33:45 Fletching
33:37 Treadmill Crane
35:02 Chemistry
34:18 Padded Archer Armor
34:29 Murder Holes
34:41 Siege Engineers
35:31 Bodkin Arrow
37:03 Bracer
37:44 Hoardings
37:22 Masonry
37:08 Halberdier
41:35 Chain Mail Armor
41:43 Leather Archer Armor
41:58 Elite Skirmisher
44:35 Onager
La Gata bajo la lluvia
10:42 Feudal Age
12:02 Loom
14:58 Castle Age
13:16 Double-Bit Axe
13:48 Horse Collar
24:07 Wheelbarrow
24:58 Bow Saw
24:48 Heavy Plow
25:39 Gold Mining
27:46 Gold Shaft Mining
27:10 Town Watch
30:23 Imperial Age
28:15 Hand Cart
28:28 Stone Mining
28:50 Fletching
29:41 Ballistics
29:24 Kasbah
30:07 Bodkin Arrow
31:09 Bloodlines
30:59 Husbandry
30:39 Elite Camel Archer
31:21 Bracer
32:22 Chemistry
32:00 Conscription
31:50 Padded Archer Armor
32:11 Thumb Ring
33:09 Leather Archer Armor
34:48 Ring Archer Armor
34:56 Maghrebi Camels
35:01 Capped Ram
36:23 Siege Engineers
36:29 Masonry
35:59 Treadmill Crane
38:13 Hoardings
39:01 Crop Rotation
38:49 Scale Barding Armor
38:55 Forging
38:07 Light Cavalry
42:59 Iron Casting
42:45 Chain Barding Armor
41:46 Hussar
42:25 Murder Holes
42:40 Fortified Wall
48:25 Plate Barding Armor
48:50 Blast Furnace
Surfista Boliviano
10:20 Feudal Age
13:52 Castle Age
12:16 Double-Bit Axe
12:48 Horse Collar
14:56 Bow Saw
14:46 Heavy Plow
14:55 Heavy Plow
22:56 Wheelbarrow
28:09 Imperial Age
25:39 Gold Mining
25:56 Loom
26:30 Hand Cart
27:01 Scale Barding Armor
27:07 Forging
27:57 Gold Shaft Mining
27:12 Stone Mining
28:15 Chain Barding Armor
28:11 Bloodlines
28:47 Husbandry
28:54 Kshatriyas
29:42 Conscription
30:18 Plate Barding Armor
30:19 Iron Casting
30:32 Crop Rotation
30:31 Elite Shrivamsha Rider
32:36 Heavy Camel Rider
33:02 Light Cavalry
36:03 Hussar
39:09 Stone Shaft Mining
40:07 Masonry
40:58 Chemistry
43:15 Hoardings
43:37 Architecture
43:28 Ballistics
JOITA8
10:45 Feudal Age
19:16 Castle Age
19:23 Double-Bit Axe
20:29 Loom
22:03 Gambesons
24:04 Gold Mining
24:05 Stone Mining
24:21 Squires
24:54 Husbandry
24:42 Pikeman
27:07 Wheelbarrow
26:25 Town Watch
26:55 Arson
28:18 Gold Shaft Mining
30:08 Hand Cart
31:39 Elite Skirmisher
33:57 Bow Saw
33:58 Scale Barding Armor
33:53 Scale Mail Armor
34:03 Forging
33:54 Padded Archer Armor
33:45 Fletching
34:27 Town Patrol
35:26 Chain Barding Armor
37:39 Chain Mail Armor
38:00 Iron Casting
40:01 Leather Archer Armor
44:56 Ballistics
Coco31724
10:13 Feudal Age
17:24 Castle Age
16:10 Double-Bit Axe
16:20 Horse Collar
19:59 Town Watch
22:30 Stone Mining
41:58 Wheelbarrow
42:44 Hand Cart
45:46 Loom
46:39 Gold Mining
47:25 Stone Shaft Mining
46:54 Heavy Plow
48:51 Town Patrol
Connection lost

Rejoining the realm…

Still unreachable

The connection could not be restored.

Session expired

The server has moved on; the page needs a fresh start.